 Dungeon Crawl Stone Soup version 0.29-a0-542-g075992c915 (webtiles) character file.

Game seed: 13710330184009055063

23 Essalna the Ruffian (level 2, 0/36 HPs)
             Began as a Draconian Transmuter on June 4, 2022.
             Succumbed to an adder's poison
             ... on level 2 of the Dungeon.
             The game lasted 00:01:06 (309 turns).

Essalna the Ruffian (Draconian Transmuter)           Turns: 309, Time: 00:01:06

Health: 0/36       AC: 21    Str: 12    XL:     2   Next: 72%
Magic:  4/5        EV:  2    Int: 13    God:
Gold:   9          SH:  0    Dex: 11    Spells: 4/5 levels left

rFire   . . .      SeeInvis .     - Unarmed
rCold   . . .      Faith    .   (no shield)
rNeg    . . .      Spirit   .   (body armour unavailable)
rPois   +          Reflect  .   (helmet currently unavailable)
rElec   .          Harm     .   (cloak currently unavailable)
rCorr   .          Rampage  .   (gloves currently unavailable)
Will    .....      NoTele   +   (boots currently unavailable)
Stlth   +.........              (no amulet)
HPRegen 0.12/turn               (no ring)
MPRegen 0.09/turn               (no ring)

@: lethally poisoned (0 -> -1), tree-form
A: stationary, stasis, torment immunity, boosted hp, AC +4, unfitting armour,
(cold-blooded)
a: no special abilities


You were on level 2 of the Dungeon.
You were a tree.
You visited 1 branch of the dungeon, and saw 2 of its levels.

You collected 9 gold pieces.

Inventory:

Jewellery
 b - a ring of fire


   Skills:
 + Level 1.7 Fighting
 + Level 2.1 Dodging
 + Level 3.2 Unarmed Combat
 - Level 2.0 Spellcasting
 + Level 2.3 Transmutations


You had 4 spell levels left.
You knew the following spells:

 Your Spells              Type           Power      Damage    Failure   Level
a - Beastly Appendage     Tmut           14%        N/A       10%         1

Your spell library contained the following spells:

 Spells                   Type           Power      Damage    Failure   Level
 Wereblood                Tmut           7%         N/A       14%         2
 Spider Form              Tmut/Pois      4%         N/A       43%         3
 Ice Form                 Ice/Tmut       4%         N/A       83%         4


Dungeon Overview and Level Annotations

Branches:
Dungeon (1/15)

Altars:


Innate Abilities, Weirdness & Mutations

You are a tree.
Your roots penetrate the ground, keeping you stationary.
You cannot be teleported.
You are immune to unholy pain and torment.
Your maximum health is greatly increased.
Your equipment is partially melded.
((Your plain brown scales are hard. (AC +4)))
You cannot fit into any form of body armour.
((You are cold-blooded and may be slowed by cold attacks.))


Message History

You barely miss the adder. Your kick misses the adder.
The adder is moderately wounded.
The adder bites you.
You are poisoned.
The adder poisons you! The worm barely misses you. The adder bites you.
You are more poisoned.
The adder poisons you!
You hit the adder. Your kick misses the adder.
The adder is severely wounded.
You feel very sick. The adder bites you.
You hit the adder. Your kick misses the adder.
The adder is severely wounded.
You feel sick. The adder completely misses you. The worm bites you.
* * * LOW HITPOINT WARNING * * *
You hit the adder.
You kill the adder!
* * * LOW HITPOINT WARNING * * *
You feel sick.
* * * LOW HITPOINT WARNING * * *
You feel sick.
* * * LOW HITPOINT WARNING * * *
You feel sick.
* * * LOW HITPOINT WARNING * * *
You feel sick.
Okay, then.
Unknown command.
Okay, then.
Really quaff the potion of lignification?
Your horns disappear.
Your talons disappear.
You turn into a tree.
Your roots penetrate the ground.
* * * LOW HITPOINT WARNING * * *
You feel sick.
You hit the worm.
The worm is lightly wounded.
* * * LOW HITPOINT WARNING * * *
You feel sick.
You completely miss the worm.
The worm is lightly wounded.
You die...

............
...........
...#....# #......#
##.#..#.#
.##.....#.#
........#.###
###.....w...#
..!....#.♣..###
####..........#
#####....#.#########
##..........†..#
###.#.#######.#
#.#># #.# #.#.# #.#
#.#.# #.# #.#.# #.#


You could see a worm.

Vanquished Creatures
  2 adders (D:2)
  A kobold (D:2)
  A quokka (D:2)
  2 rats (D:2)
6 creatures vanquished.

Notes
Turn   | Place    | Note
-------+----------+-------------------------------------------
     0 | D:1      | Essalna the Draconian Transmuter began the quest for the
                  | Orb.
     0 | D:1      | Reached XP level 1. HP: 16/16 MP: 3/3
    62 | D:1      | You fall into a shaft and drop 1 floor!
   241 | D:2      | Reached XP level 2. HP: 21/23 MP: 1/5
   308 | D:2      | HP: 1/36 [poisoned by an adder]
   309 | D:2      | Succumbed to an adder's poison

Illustrated notes

Levels and vault maps discovered:
D:1:      ncdulo_smallfort, layout_loops_ring, roderic_lattice_a,
          minmay_tromino_v4_c
D:2:      layout_loops_ring, grunt_decor_junction

Skill      XL: |  1 |
---------------+----+-----
Dodging        | 2 |  2.1
Fighting       | |  1.7
Unarmed Combat | |  3.2
Spellcasting   | |  2.0
Transmutations | |  2.3

Action                   || total
-------------------------++-------
Melee: Unarmed           ||    27
       Kick              ||     5
       Headbutt          ||     2
       Tailslap          ||     2
 Cast: Beastly Appendage ||     3
  Use: Potion            ||     1
Armor: Skin              ||     7
Dodge: Dodged            ||    14

Table legend: (Time is in decaauts)
 A = Elapsed time spent in this place.
 B = Non-inter-level travel time spent in this place.
 C = Inter-level travel time spent in this place.
 D = Time resting spent in this place.
 E = Time spent auto-exploring this place.
 F = Levels seen in this place.
 G = Mean time per level.
                   A        B        C        D        E       F      G
               +--------+--------+--------+--------+--------+-----+--------+
         Total |    307 |    307 |      0 |      0 |    259 |   2 |  153.5 |
       Dungeon |    307 |    307 |      0 |      0 |    259 |   2 |  153.5 |
               +--------+--------+--------+--------+--------+-----+--------+

Top non-repeatable levels by time:
     D:2: 245 daAuts
     D:1: 62 daAuts
